 Dungeon Crawl Stone Soup version 0.29.1-2-gbd0b4ee654 (webtiles) character file.

Game seed: 3308903177812051601

61425 speeev123 the Warrior (level 15, -1/141 HPs)
             Began as a Hill Orc Fighter on Oct 30, 2022.
             Was the Champion of Okawaru.
             Slain by a boulder beetle (7 damage)
             ... on level 13 of the Dungeon.
             The game lasted 01:19:34 (29092 turns).

speeev123 the Warrior (Hill Orc Fighter)           Turns: 29092, Time: 01:19:34

Health: -1/141     AC: 21    Str: 27    XL:     15   Next: 2%
Magic:  15/15      EV:  9    Int:  8    God:    Okawaru [******]
Gold:   2550       SH:  0    Dex: 10    Spells: 14/14 levels left

rFire   + . .      SeeInvis .   R - +3 demon trident (vorpal)
rCold   + . .      Faith    .   T - +0 tower shield
rNeg    + . .      Spirit   .   J - +0 plate armour
rPois   +          Reflect  .   r - -2 hat of the Alchemist {rElec rPois rF+ rC+ rN+ Will+ rMut rCorr}
rElec   +          Harm     .   z - +0 cloak {Will+}
rCorr   +          Rampage  .   c - +2 pair of gloves
rMut    +                       E - +0 pair of boots of Bellicose the Leaf {rElec Slay+2}
Will    +++..                   y - amulet of regeneration
Stlth   ..........              S - +4 ring of evasion
HPRegen 1.13/turn               w - ring of flight
MPRegen 0.14/turn

@: confused, ambrosia-drunk, flying
A: no striking features
a: Renounce Religion, Heroism, Finesse, Duel


You were on level 13 of the Dungeon.
You worshipped Okawaru.
Okawaru was exalted by your worship.
You visited 4 branches of the dungeon, and saw 21 of its levels.
You also visited: Ossuary.

You collected 2986 gold pieces.
You spent 436 gold pieces at shops.

Inventory:

Hand Weapons
 R - a +3 vorpal demon trident (weapon)
Missiles
 P - 6 atropa-tipped darts (quivered)
Armour
 c - a +2 pair of gloves (worn)
 r - the -2 hat of the Alchemist (worn) {rElec rPois rF+ rC+ rN+ Will+ rMut rCorr}
   (You found it on level 3 of the Dungeon)

   rF:        It protects you from fire.
   rC:        It protects you from cold.
   rElec:     It insulates you from electricity.
   rPois:     It protects you from poison.
   rN:        It protects you from negative energy.
   rCorr:     It protects you from acid and corrosion.
   rMut:      It protects you from mutation.
   Will:      It increases your willpower.
 z - a +0 cloak of willpower (worn)
 E - the +0 pair of boots of Bellicose the Leaf (worn) {rElec Slay+2}
   (You acquired it on level 7 of the Dungeon)

   Slay:      It affects your accuracy & damage with ranged weapons and melee
   (+2).
   rElec:     It insulates you from electricity.
 J - a +0 plate armour (worn)
 T - a +0 tower shield (worn)
Jewellery
 w - a ring of flight (right hand)
 y - an amulet of regeneration (around neck)
 G - a ring of positive energy
 K - a ring of poison resistance
 Q - an amulet of faith
 S - a +4 ring of evasion (left hand)
Wands
 b - a wand of flame (32)
 o - a wand of light (20)
 p - a wand of paralysis (11)
 s - a wand of mindburst (10)
 u - a wand of iceblast (28)
 I - a wand of polymorph (9)
Scrolls
 d - 5 scrolls of immolation
 e - 2 scrolls of identify
 f - a scroll of enchant armour
 g - 11 scrolls of teleportation
 l - 3 scrolls of magic mapping
 x - 4 scrolls of fear
 D - 2 scrolls of amnesia
 N - 3 scrolls of poison
 O - a scroll of summoning
Potions
 a - a potion of magic
 h - 2 potions of resistance
 i - 8 potions of ambrosia
 m - 3 potions of curing
 n - 4 potions of brilliance
 q - 8 potions of mutation
 A - 4 potions of attraction
 C - a potion of cancellation
 F - 3 potions of haste
 H - 3 potions of lignification
 L - a potion of might


   Skills:
 - Level 15.4 Fighting
 - Level 14.0 Polearms
 - Level 14.3 Armour
 - Level 0.5 Dodging
 * Level 12.0 Shields
 - Level 10.0 Evocations


You had 14 spell levels left.
You didn't know any spells.
Your spell library contained the following spells:

 Spells                   Type           Power      Damage    Failure   Level
 Beastly Appendage        Tmut           0%         N/A       100%        1
 Magic Dart               Conj           0%         1d3       100%        1
 Necrotise                Necr           0%         1d4       100%        1
 Slow                     Hex            0%         N/A       100%        1
 Blink                    Tloc           0%         N/A       100%        2
 Ensorcelled Hibernation  Hex/Ice        0%         N/A       100%        2
 Searing Ray              Conj           0%         2d4       100%        2
 Wereblood                Tmut           0%         N/A       100%        2
 Confusing Touch          Hex            0%         N/A       100%        3
 Conjure Flame            Conj/Fire      0%         6-21      100%        3
 Dazzling Flash           Conj/Hex       0%         N/A       100%        3
 Ignite Poison            Fire/Tmut/Pois 0%         N/A       100%        3
 Spider Form              Tmut/Pois      0%         N/A       100%        3
 Vampiric Draining        Necr           0%         2d6       100%        3
 Anguish                  Hex/Necr       0%         N/A       100%        4
 Corpse Rot               Necr/Pois/Air  0%         N/A       100%        4
 Dispel Undead            Necr           0%         3d6       100%        4
 Fulminant Prism          Conj/Hex       0%         3d6       100%        4
 Leda's Liquefaction      Hex/Erth       0%         N/A       100%        4
 Sticky Flame             Conj/Fire      0%         2d3       100%        4
 Agony                    Necr           0%         N/A       100%        5
 Lee's Rapid Deconstruct  Erth           0%         3d5*      100%        5
 Manifold Assault         Tloc           0%         N/A       100%        5
 Silence                  Hex/Air        0%         N/A       100%        5
 Statue Form              Tmut/Erth      0%         N/A       100%        6
 Storm Form               Tmut/Air       0%         N/A       100%        7
 Borgnjor's Revivificati  Necr           0%         N/A       100%        8
 Necromutation            Tmut/Necr      0%         N/A       100%        8
 Death's Door             Necr           0%         N/A       100%        9
 Death Channel            Necr           Unusable   N/A       N/A         6

Dungeon Overview and Level Annotations

Branches:
Dungeon (13/15) Temple (1/1) D:6 Lair (5/5) D:9 Swamp (0/4) Lair:2 Spider (0/4) Lair:2 Slime (0/5) Lair:4 Orc (2/2) D:9 Elf (0/3) Orc:2 Vaults (0/5) D:12 D:13 Ossuary (visited)

Altars:
Cheibriados
Dithmenos
Elyvilon
Fedhas
Gozag
Hepliaklqana
Kikubaaqudgha
Makhleb
Nemelex Xobeh
Okawaru
Qazlal
Ru
Trog
Uskayaw
Wu Jian
Yredelemnul
Zin
The Shining One
Beogh

Shops:
D:2 *(=   Orc:2 :[[[


Message History

You impale the boulder beetle!!
The boulder beetle is heavily wounded.
The boulder beetle bites you but does no damage.
The boulder beetle bites you!
You impale the boulder beetle!!
The boulder beetle is almost dead.
The boulder beetle leaps!
The boulder beetle bites you. The boulder beetle bites you!!
The boulder beetle leaps!
You block the boulder beetle's attack.
The boulder beetle waves its antennae.
The boulder beetle leaps!
There is a transporter here.
You enter the transporter and appear at another place.
The boulder beetle leaps!
The boulder beetle bites you but does no damage.
You hit the boulder beetle but do no damage.
The boulder beetle is moderately wounded.
You impale the boulder beetle!!
The boulder beetle is severely wounded.
You block the boulder beetle's attack.
The boulder beetle curls into a ball and begins rolling!
You hit the boulder beetle but do no damage.
The boulder beetle is severely wounded.
The boulder beetle bites you!!
* * * LOW HITPOINT WARNING * * *
You are confused.
You feel invigorated.
The boulder beetle bites you but does no damage.
You puncture the boulder beetle!
The boulder beetle is almost dead.
The boulder beetle bites you!!
* * * LOW HITPOINT WARNING * * *
The boulder beetle hits you but does no damage.
The boulder beetle stops rolling and uncurls.
The boulder beetle attacks as you move away!
The boulder beetle bites you!!
* * * LOW HITPOINT WARNING * * *
The boulder beetle attacks as you move away!
The boulder beetle bites you!
You die...

########'#######+###...# #...#
##..........###.....#### #...#
.#.##..#....#.#.###.# #.#.#
.#.....#..#.'.#.###.# #...#
##..........#.#.....# ##...#
..###############.##### #....#
#.#!...#8#...?#.......# #....#
..'..####.###[#.......# #.##.#
..#..#8≈©....B#©@.....# #....#
..#######.###.#.BB.##### #....#
(.####.#8#....#...°....###....#
..#..#.##########)#°...#.#..#.#
..#..#.#..#.....'.#.°#.#.'..#.#
..#..#....#######......#'#....#
###..###'###..................#
...........#...............#..#
......>....'........#......#..#


You could see 3 boulder beetles.

Vanquished Creatures
  Rupert (D:12)
  Gastronok (Lair:1)
  Kirke (D:12)
  An orc warlord (D:9)
  Nessos (D:12)
  2 hydras
  Erolcha (Orc:2)
  Harold (Lair:2)
  3 boulder beetles
  A two-headed ogre (Orc:2)
  A centaur warrior (D:13)
  Urug (D:12)
  3 orc high priests (Orc:2)
  Amaemon (Lair:3)
  A sea snake (shapeshifter) (D:12)
  3 deep elf pyromancers (D:12)
  4 orc knights (Orc:2)
  An ugly thing (D:12)
  An oklob plant (Lair:5)
  6 orc sorcerers
  A cyclops (D:12)
  A manticore (D:12)
  3 black mambas
  An orange demon (Lair:3)
  10 cane toads
  Psyche (D:12)
  2 kobold demonologists
  4 komodo dragons
  2 rime drakes
  4 trolls
  A queen bee (Lair:2)
  7 polar bears
  6 slime creatures
  5 hornets
  3 blink frogs
  2 dream sheep (Lair:5)
  Sigmund (D:2)
  A shadow (D:12)
  35 yaks
  12 spriggans (Lair:5)
  7 wyverns
  3 vampires
  6 wraiths
  18 humans
  A hog (D:12)
  4 basilisks
  A steam dragon (D:6)
  5 vampire mosquitoes
  2 wargs
  An acid dragon (D:11)
  Duvessa (D:6)
  10 water moccasins
  3 black bears
  2 ice beasts
  19 orc warriors
  2 hornet zombies (Ossuary)
  8 ogres
  5 boggarts (Lair:5)
  33 wolves
  22 centaurs
  2 phantoms
  A kobold brigand (D:5)
  A scorpion (D:5)
  A wyvern zombie (Ossuary)
  12 bullfrogs
  2 necrophages
  17 wights
  Dowan (D:6)
  19 killer bees
  A vampire bat (D:12)
  A howler monkey (D:11)
  2 electric eels
  5 centaur zombies (Ossuary)
  5 bullfrog zombies (Ossuary)
  Crazy Yiuf (D:2)
  6 hounds
  2 jellies
  22 orc priests
  Jessica (D:2)
  6 iguanas
  24 orc wizards
  Terence (D:3)
  A killer bee zombie (Ossuary)
  10 mummies (Ossuary)
  3 howler monkey zombies (Ossuary)
  Robin (D:3)
  8 gnolls
  7 adders
  2 white imps
  2 ufetubi
  A dart slug (D:3)
  67 orcs
  A bat skeleton (D:12)
  4 bat zombies (D:12)
  4 endoplasms
  2 giant cockroaches (D:4)
  15 goblins
  5 hobgoblins
  6 jackals
  A quokka (D:4)
  8 ball pythons
  4 bats
  2 frilled lizards
  14 kobolds
  7 rats
  A bush (Lair:5)
599 creatures vanquished.

Vanquished Creatures (others)
  An orc warrior (Orc:1)
  An orc wizard (Orc:2)
  An orc (D:6)
  11 fungi
  13 plants
  9 withered plants (Ossuary)
36 creatures vanquished.

Grand Total: 635 creatures vanquished

Notes
Turn   | Place    | Note
-------+----------+-------------------------------------------
     0 | D:1      | speeev123 the Hill Orc Fighter began the quest for the Orb.
     0 | D:1      | Reached XP level 1. HP: 19/19 MP: 1/1
   190 | D:1      | Reached XP level 2. HP: 21/27 MP: 2/2
   301 | D:1      | Reached skill level 4 in Fighting
   525 | D:1      | Found a faded altar of an unknown god.
   723 | D:2      | Noticed Jessica
   729 | D:2      | Killed Jessica
   730 | D:2      | Reached XP level 3. HP: 34/34 MP: 3/3
   734 | D:2      | Found Poghuhan's Weapon Shoppe.
   794 | D:2      | Found Acadyuseat's Assorted Antiques.
   873 | D:2      | Noticed Sigmund
   888 | D:2      | Found Qin Ugy's Jewellery Shop.
  1188 | D:2      | Found a runed translucent door.
  1189 | D:2      | Noticed Crazy Yiuf
  1235 | D:2      | Reached XP level 4. HP: 41/41 MP: 4/4
  1278 | D:2      | Killed Sigmund
  1279 | D:2      | Reached XP level 5. HP: 17/47 MP: 5/5
  1279 | D:2      | Reached XP level 6. HP: 20/55 MP: 6/6
  1605 | D:2      | Reached skill level 5 in Fighting
  2366 | D:3      | Found the -2 hat of the Alchemist {rElec rPois rF+ rC+ rN+
                  | Will+ rMut rCorr}
  2424 | D:3      | Noticed Terence
  2433 | D:3      | Killed Terence
  2449 | D:3      | You fall into a shaft and drop 1 floor!
  2743 | D:3      | Noticed Robin
  2754 | D:3      | Killed Robin
  3515 | D:4      | Reached skill level 1 in Evocations
  3579 | D:4      | Reached skill level 5 in Armour
  3701 | D:4      | Reached XP level 7. HP: 41/61 MP: 5/7
  3825 | D:4      | Reached skill level 5 in Polearms
  4789 | D:5      | Entered Level 5 of the Dungeon
  4860 | D:4      | Reached skill level 6 in Fighting
  5407 | D:5      | Reached XP level 8. HP: 24/71 MP: 5/8
  6989 | D:6      | Reached skill level 7 in Fighting
  7100 | D:6      | Noticed Dowan
  7100 | D:6      | Noticed Duvessa
  7157 | D:6      | Killed Duvessa
  7367 | D:6      | Killed Dowan
  7731 | D:6      | Reached XP level 9. HP: 73/79 MP: 9/9
  8267 | D:6      | Found a staircase to the Ecumenical Temple.
  8272 | Temple   | Entered the Ecumenical Temple
  8277 | Temple   | Became a worshipper of Warmaster Okawaru
  8635 | D:7      | Found a sand-covered staircase.
  8640 | Ossuary  | Entered an ossuary
  8718 | Ossuary  | Reached skill level 8 in Fighting
  8732 | Ossuary  | Reached skill level 5 in Evocations
  9417 | Ossuary  | Reached * piety under Okawaru
  9488 | Ossuary  | Identified a scroll of acquirement
  9489 | Ossuary  | Acquired 1018 gold pieces
  9717 | D:7      | Reached skill level 9 in Fighting
  9720 | D:7      | Acquired the +0 pair of boots of Bellicose the Leaf {rElec
                  | Slay+2}
  9751 | D:7      | Found a sparkling altar of Nemelex Xobeh.
  9751 | D:7      | Found a sacrificial altar of Ru.
  9751 | D:7      | Found an ornate altar of the Wu Jian Council.
  9757 | D:7      | Found a bloodstained altar of Trog.
  9759 | D:7      | Found an opulent altar of Gozag.
  9763 | D:7      | Found a glowing silver altar of Zin.
  9766 | D:7      | Found a basalt altar of Yredelemnul.
  9767 | D:7      | Found a glowing golden altar of the Shining One.
  9960 | D:7      | Found a burning altar of Makhleb.
  9960 | D:7      | Found a hazy altar of Hepliaklqana.
 10030 | D:7      | Reached XP level 10. HP: 91/91 MP: 10/10
 10617 | D:8      | Reached ** piety under Okawaru
 11368 | D:8      | Reached skill level 10 in Fighting
 11529 | D:8      | Reached *** piety under Okawaru
 11729 | D:9      | Found a staircase to the Orcish Mines.
 11804 | D:9      | Found a staircase to the Lair.
 12347 | D:9      | Reached **** piety under Okawaru
 12348 | D:9      | Reached XP level 11. HP: 90/101 MP: 11/11
 12519 | D:9      | Reached skill level 10 in Armour
 13095 | D:10     | Entered Level 10 of the Dungeon
 13112 | D:10     | Reached skill level 10 in Polearms
 13117 | D:10     | Reached skill level 11 in Fighting
 13170 | D:10     | Noticed a soul eater
 13977 | Lair:1   | Entered Level 1 of the Lair of Beasts
 14002 | Lair:1   | Reached ***** piety under Okawaru
 14040 | Lair:1   | Noticed Gastronok
 14077 | Lair:1   | Killed Gastronok
 14967 | Lair:2   | Reached skill level 12 in Fighting
 15179 | Lair:2   | Received a gift from Okawaru
 15298 | Lair:1   | Reached XP level 12. HP: 98/112 MP: 12/12
 15655 | Lair:2   | Found a staircase to the Swamp.
 15785 | Lair:2   | Noticed Harold
 15799 | Lair:2   | Killed Harold
 16199 | Lair:2   | Found a hole to the Spider Nest.
 16612 | Lair:2   | HP: 4/113 [disintegration (47)]
 17055 | Lair:3   | Noticed Amaemon
 17091 | Lair:3   | Killed Amaemon
 17324 | Lair:3   | Noticed an eight-headed hydra
 17338 | Lair:3   | Killed an eight-headed hydra
 17339 | Lair:3   | Reached skill level 13 in Fighting
 17512 | Lair:3   | Received a gift from Okawaru
 17555 | Lair:3   | Reached ****** piety under Okawaru
 18406 | Lair:4   | Noticed a boulder beetle
 18461 | Lair:4   | Killed a boulder beetle
 18936 | Lair:4   | Found a staircase to the Slime Pits.
 18954 | Lair:4   | Received a gift from Okawaru
 19042 | Lair:4   | Reached XP level 13. HP: 123/123 MP: 13/13
 19375 | Lair:5   | Entered Level 5 of the Lair of Beasts
 19389 | Lair:5   | Reached skill level 14 in Fighting
 19858 | Lair:5   | Identified the +4 halberd "Ufumawn" {vorpal, rF- Will++
                  | rCorr Str+2} (Okawaru gifted it to you on level 5 of the
                  | Lair of Beasts)
 19858 | Lair:5   | Received a gift from Okawaru
 20530 | Lair:5   | Identified the +10 bardiche "Vaac Bus" {freeze, Stlth+}
                  | (Okawaru gifted it to you on level 5 of the Lair of Beasts)
 20530 | Lair:5   | Received a gift from Okawaru
 22104 | D:2      | Killed Crazy Yiuf
 22359 | Orc:1    | Entered Level 1 of the Orcish Mines
 22663 | Orc:1    | Noticed an orc warlord
 22769 | D:9      | Killed an orc warlord
 23260 | Orc:2    | Entered Level 2 of the Orcish Mines
 23260 | Orc:2    | Found a staircase to the Elven Halls.
 23317 | Orc:2    | Reached skill level 15 in Fighting
 23587 | Orc:2    | Noticed Erolcha
 23598 | Orc:2    | Killed Erolcha
 23599 | Orc:2    | Reached XP level 14. HP: 132/135 MP: 14/14
 23601 | Orc:2    | Found Vessoxke's Book Emporium.
 23603 | Orc:2    | Reached skill level 5 in Shields
 23632 | Orc:2    | Paralysed by an orc sorcerer for 3 turns
 23697 | Orc:2    | Identified the +0 helmet "Eleetsud" {Dex+2} (Okawaru gifted
                  | it to you on level 2 of the Orcish Mines)
 23697 | Orc:2    | Received a gift from Okawaru
 24041 | Orc:2    | Found Nuggoine's Antique Armour Boutique.
 24082 | Orc:2    | Found Coomn's Armour Boutique.
 24084 | Orc:2    | Found Riocw's Armour Emporium.
 24116 | Orc:2    | Bought a +0 cloak of willpower for 172 gold pieces
 24129 | Orc:2    | Bought a +2 pair of gloves for 264 gold pieces
 24310 | Orc:2    | Reached skill level 10 in Evocations
 24463 | Orc:2    | Found a roughly hewn altar of Beogh.
 25441 | D:12     | Noticed Kirke
 25452 | D:12     | Killed Kirke
 25876 | D:12     | Noticed Psyche
 25889 | D:13     | Noticed Rupert
 25889 | D:13     | Noticed Nessos
 25889 | D:13     | Noticed Urug
 25889 | D:13     | Found a gate to the Vaults.
 25981 | D:12     | Killed Psyche
 26445 | D:12     | Found an ancient bone altar of Kikubaaqudgha.
 26830 | D:12     | Reached skill level 10 in Shields
 26841 | D:12     | Killed Rupert
 26904 | D:12     | Killed Urug
 26915 | D:12     | HP: 5/135 [Nessos/arrow (2)]
 27713 | D:12     | Killed Nessos
 27982 | D:13     | Received a gift from Okawaru
 28452 | D:13     | Found a transporter.
 28455 | D:13     | Found a transporter.
 28557 | D:13     | Reached XP level 15. HP: 141/141 MP: 15/15
 28753 | D:13     | Found a hide-covered altar of Uskayaw.
 29092 | D:13     | HP: 6/141 [boulder beetle (18)]
 29092 | D:13     | Slain by a boulder beetle

Illustrated notes

Levels and vault maps discovered:
D:1:      eino_arrival_druids_welcome, layout_rooms,
          hellmonk_ecumenical_altar_prayer_group, minmay_liquid_box,
          kennysheep_decorative_pillar
D:2:      layout_basic, serial_shops, nicolae_shop_stone, shop, shop,
          uniq_crazy_yiuf_cottage, uniq_sigmund, uniq_jessica
D:3:      layout_basic, grunt_ministairs_11, mrwooster_statue_mirror,
          uniq_robin, uniq_terence
D:4:      layout_loops_corners
D:5:      layout_layer_cave
D:6:      layout_cave_pods, minmay_temple_entry_butterflies, uniq_duvessa
D:7:      layout_loops_cross, nicolae_overflow_hallway_of_the_gods,
          gammafunk_temple_overflow_statue, enter_ossuary_5, nicolae_titane
D:8:      layout_basic
D:9:      layout_grid_maze, lair_entry_dummy, orc_0_dummy, serial_park_tiny_1
D:10:     layout_irregular_city
D:11:     layout_roguey
D:12:     layout_loops_ring, kennysheep_vampire_church, uniq_kirke, uniq_psyche
D:13:     gammafunk_boulding_lane, layout_stronghold, david_vaults_3,
          moated_statue, eat_drink_and_be_merry_uskayaw
Temple:   nicolae_temple_ecumenical_triangle
Lair:1:   layout_cave_pods, uniq_gastronok
Lair:2:   layout_gridlike, minmay_swamp_entry_swarm,
          nicolae_spider_entry_orb_guardian, special_room [special_room_bee],
          uniq_harold
Lair:3:   layout_roguey, serial_bayou_shore_a, uniq_amaemon
Lair:4:   layout_regular_city, dpeg_slime_entry_corner, serial_bayou_ford_a,
          chequers_serial_rivers_room_b, uniq_nessos
Lair:5:   minmay_lair_end_enchanted_forest, layout_cave_pods,
          minmay_lair_oklob_bushes
Orc:1:    layout_diamond_mine, nicolae_orc_damp_corner
Orc:2:    st_orc_elflike, layout_diamond_mine, basic_altar, uniq_erolcha

Skill      XL: |  1  2  3  4  5  6  7  8  9 10 11 12 13 14 15 |
---------------+----------------------------------------------+-----
Fighting       | 4 5 6 7 9 10 12 13 15 | 15.4
Polearms       | 4 5 6 8 9 11 12 14 | 14.0
Armour         | 4 5 7 8 9 11 12 13 14 | 14.3
Shields        | 4 11 12 | 12.0
Evocations     | 1 2 4 5 6 8 9 10 | 10.0
Dodging        | |  0.5

Action                   |  1- 3 |  4- 6 |  7- 9 | 10-12 | 13-15 || total
-------------------------+-------+-------+-------+-------+-------++-------
Melee: Trident           |    65 |   168 |   517 |   855 |       ||  1605
       Demon trident     |       |       |       |    13 |   989 ||  1002
       Bardiche          |       |       |       |       |   117 ||   117
Throw: Throwing net      |       |       |       |       |     2 ||     2
Invok: Heroism           |       |       |       |     6 |     8 ||    14
       Finesse           |       |       |       |       |     1 ||     1
Evoke: Wand              |       |       |     3 |    14 |     4 ||    21
  Use: Potion            |     1 |       |     2 |     1 |     7 ||    11
       Scroll            |       |    10 |    10 |    12 |    13 ||    45
 Stab: Held in net/web   |       |       |       |       |     1 ||     1
       Paralysed         |       |       |       |       |     1 ||     1
Armor: Scale mail        |    25 |    30 |   113 |       |       ||   168
       Chain mail        |       |       |   109 |    32 |       ||   141
       Plate armour      |       |       |       |   463 |   570 ||  1033
Dodge: Dodged            |    16 |    64 |   210 |   305 |   439 ||  1034
Block: Buckler           |    13 |    31 |    83 |   211 |    74 ||   412
       Tower shield      |       |       |       |       |   559 ||   559
